 Dungeon Crawl Stone Soup version 0.26-a0-712-ga5a9c9c9d0 (webtiles) character file.

Game seed: 724647451750847108

22 Whiskey the Sneak (level 2, -1/24 HPs)
             Began as a Demonspawn Delver on Nov 1, 2020.
             Slain by Natasha (5 damage)
             ... on level 2 of the Dungeon.
             The game lasted 00:04:08 (1455 turns).

Whiskey the Sneak (Demonspawn Delver)               Turns: 1455, Time: 00:04:09

Health: -1/24      AC:  5    Str: 12    XL:     2   Next: 68%
Magic:  2/2        EV: 12    Int: 11    God:
Gold:   67         SH:  0    Dex: 14    Spells: 1/1 levels left

rFire    . . .     SeeInvis .   l - +0 battleaxe
rCold    . . .     Faith    .   (shield currently unavailable)
rNeg     . . .     Spirit   .   b - +0 leather armour
rPois    .         Reflect  .   (no helmet)
rElec    .         Harm     .   (no cloak)
rCorr    .         Rampage  .   (no gloves)
MR       .....                  h - +1 pair of boots
Stlth    ++........             (no amulet)
HPRegen  0.08/turn              (no ring)
MPRegen  0.08/turn              (no ring)

@: no status effects
A: claws 1
a: no special abilities


You were on level 2 of the Dungeon.
You visited 1 branch of the dungeon, and saw 5 of its levels.

You collected 67 gold pieces.

Inventory:

Hand Weapons
 a - a +0 hand axe
 j - a cursed -2 spear
   (You found it on level 4 of the Dungeon)
 l - a +0 battleaxe (weapon)
   (You found it on level 3 of the Dungeon)
Armour
 b - a +0 leather armour (worn)
 h - a +1 pair of boots (worn)
   (You found it on level 5 of the Dungeon)
 k - a +0 scale mail
   (You found it on level 4 of the Dungeon)
Wands
 g - a wand of digging (3)
Scrolls
 c - a scroll of fog
 d - a scroll of magic mapping {!r}
 e - a scroll of fear
 i - 2 scrolls of identify {unknown}
 n - 3 scrolls of teleportation {unknown}
 o - a scroll of amnesia {unknown}
 p - 2 scrolls of remove curse {unknown}
 r - a scroll of immolation {unknown}
Potions
 f - a potion of haste
 m - a potion of lignification {unknown}
 q - a potion of ambrosia {unknown}
 s - a potion of flight {unknown}


   Skills:
 + Level 3.4 Fighting
 + Level 2.4 Axes
 - Level 1.9 Dodging
 - Level 4.5 Stealth


You had one spell level left.
You didn't know any spells.
Your spell library was empty.

Dungeon Overview and Level Annotations

Branches:
Dungeon (5/15)
 Temple: D:4-7

Altars:
Elyvilon
Makhleb
Ru
Wu Jian

Shops:
D:4 :

Annotations:
D:2 Natasha


Innate Abilities, Weirdness & Mutations

You have sharp fingernails.


Message History

No target in view!
No target in view!
No target in view!
No target in view!
No target in view!
No target in view!
No target in view!
No target in view!
No target in view!
No target in view!
No target in view!
No target in view!
No target in view!
No target in view!
No target in view!
No target in view!
A nearby plant withers and dies.
s - a fizzy orange potion
There is an open door here.
p - 2 scrolls labeled YSHRUC WIOZXEO (gained 1)
A bat comes into view.
A hobgoblin comes into view. It is wielding a +0 club.
There are monsters nearby!
A bat comes into view.
Found a stone staircase leading up.
The hobgoblin shouts!
You hear a shout!
The bat barely misses you.
Natasha, Servant of Life and Death comes into view.
You completely miss the bat.
Natasha hisses angrily.
The bat hits you but does no damage.
An adder comes into view.
A bat comes into view.
The bat closely misses you.
The adder hisses angrily.
You slash the bat!
You kill the bat!
A kobold comes into view. It is wielding a +0 dagger.
Natasha casts a spell.
You closely miss the hobgoblin. The bat completely misses you.
The hobgoblin hits you with a +0 club.
You take 3 damage, and have 21/24 hp.
You barely miss the hobgoblin.
A bat comes into view.
The bat barely misses you. The hobgoblin closely misses you.
The bat closely misses you.
The hobgoblin hits you but does no damage.
The bat moves out of view.
You barely miss the bat. You hit the hobgoblin. The bat hits you.
The adder misses you. The hobgoblin barely misses you.
The crimson imp hits you.
You take 2 damage, and have 19/24 hp.
You barely miss the hobgoblin. You closely miss the crimson imp.
You miss the adder.
The bat barely misses you. x2; The adder bites you.
The hobgoblin hits you with a +0 club. The adder barely misses you.
The crimson imp hits you. The hobgoblin barely misses you.
You take 7 damage, and have 12/24 hp.
MASSIVE DAMAGE!!
You are too injured to fight recklessly!
You are too injured to fight recklessly!
You are too injured to fight recklessly!
You are too injured to fight recklessly!
You are too injured to fight recklessly!
You are too injured to fight recklessly!
You are too injured to fight recklessly!
You are too injured to fight recklessly!
You are too injured to fight recklessly!
You are too injured to fight recklessly!
You are too injured to fight recklessly!
You are too injured to fight recklessly!
You are too injured to fight recklessly!
You are too injured to fight recklessly!
You are too injured to fight recklessly!
You are too injured to fight recklessly!
You are too injured to fight recklessly!
You are too injured to fight recklessly!
You are too injured to fight recklessly!
The bat barely misses you.
The crimson imp blinks!
The bat barely misses you. The adder completely misses you.
The hobgoblin hits you but does no damage.
You hit the adder. You slash the hobgoblin!
You kill the hobgoblin!
You hit the bat. The bat hits you but does no damage. The bat misses you.
The bat hits you but does no damage.
Natasha mumbles some strange words.
The adder bites you but does no damage.
Natasha mumbles some strange words.
You feel disoriented. The adder barely misses you.
The kobold hits you but does no damage.
You closely miss the adder. You barely miss the bat. You miss the kobold.
The bat hits you but does no damage. x2; The adder barely misses you.
The kobold completely misses you. The adder barely misses you.
You miss the adder. You miss the bat. You barely miss the kobold.
The bat hits you but does no damage. The kobold hits you but does no damage.
The adder barely misses you. x2; The kobold hits you but does no damage.
You barely miss the adder. You closely miss the kobold. You hit Natasha.
Natasha closely misses you. The adder bites you.
* * * LOW HITPOINT WARNING * * *
The kobold hits you with a +0 dagger.
* * * LOW HITPOINT WARNING * * *
The crimson imp blinks!
Natasha claws you.
You die...

......... .. .....#...
... .)....... ♣b..#
........♣.♣....
...........♣...
<...#...♣.♣..... ...
#....5b........#####...
#...§KShb....#.........
#....##@#######...#P#.#P
...#.....######....P...#
.#.#...#....#...P......#
#...######.....#...†..#
#.......##..........P.#
.........##.....#......P
.#.......##.....#......P
#........#.....###'..##
#......................


You could see Natasha, a crimson imp (summoned), an adder, 3 bats and a kobold.

Vanquished Creatures
  An adder skeleton (D:5)
  A dart slug (D:2)
  2 giant cockroaches (D:1)
  2 goblins (D:1)
  A hobgoblin (D:2)
  2 ball pythons
  5 bats
  A frilled lizard (D:2)
  A kobold (D:1)
  2 rats (D:1)
18 creatures vanquished.

Vanquished Creatures (others)
  A plant (D:2)
1 creature vanquished.

Grand Total: 19 creatures vanquished

Notes
Turn   | Place    | Note
-------+----------+-------------------------------------------
     0 | D:5      | Whiskey the Demonspawn Delver began the quest for the Orb.
     0 | D:5      | Reached XP level 1. HP: 18/18 MP: 1/1
    69 | D:5      | Noticed a phantom
   307 | D:4      | Found a burning altar of Makhleb.
   310 | D:4      | Found an ornate altar of the Wu Jian Council.
   313 | D:4      | Found a white marble altar of Elyvilon.
   316 | D:4      | Found a sacrificial altar of Ru.
   348 | D:4      | Found Jaima's Book Shoppe.
   352 | D:4      | Noticed an iguana
   699 | D:1      | Reached skill level 2 in Axes
   903 | D:1      | Gained mutation: You have sharp fingernails. [demonic
                  | ancestry]
   903 | D:1      | Reached XP level 2. HP: 24/24 MP: 2/2
  1444 | D:2      | Noticed Natasha
  1447 | D:2      | Noticed a crimson imp
  1453 | D:2      | Noticed a crimson imp
  1455 | D:2      | HP: 4/24 [kobold/+0 dagger (3)]
  1455 | D:2      | Slain by Natasha

Illustrated notes

Levels and vault maps discovered:
D:1:      tarquinn_simple_flora_water_e, layout_basic, serial_corexii_hall,
          corexii_hall_statues_l, corexii_hall_statues_i,
          corexii_hall_statues_i, corexii_hall_statues_s, st_stairs_13,
          minmay_door_square
D:2:      cheibrodos_old_hovel, layout_rooms, lemuel_crystal_altar,
          nicolae_dithmenos_shadow_blocks, nicolae_overflow_crystal_walls,
          chequers_garden, uniq_terence, uniq_natasha
D:3:      layout_basic
D:4:      layout_cave_pods, kennysheep_little_box, ashenzari_altar_1,
          grunt_temple_overflow_cloverleaf, serial_shops, kennysheep_mini_moat
D:5:      layout_cave_pools, overflow_temple_1_default

Skill      XL: |  1 |
---------------+----+-----
Axes           | 2 |  2.4
Fighting       | |  3.4
Dodging        | |  1.9
Stealth        | |  4.5

Action                   || total
-------------------------++-------
Melee: Battleaxe         ||    41
       Hand axe          ||    10
 Stab: Sleeping          ||     2
Armor: Leather armour    ||    33
Dodge: Dodged            ||    51

Table legend: (Time is in decaauts)
 A = Elapsed time spent in this place.
 B = Non-inter-level travel time spent in this place.
 C = Inter-level travel time spent in this place.
 D = Time resting spent in this place.
 E = Time spent auto-exploring this place.
 F = Levels seen in this place.
 G = Mean time per level.
                   A        B        C        D        E       F      G
               +--------+--------+--------+--------+--------+-----+--------+
         Total |   1480 |   1431 |     49 |    185 |    786 |   5 |  296.0 |
       Dungeon |   1480 |   1431 |     49 |    185 |    786 |   5 |  296.0 |
               +--------+--------+--------+--------+--------+-----+--------+

Top non-repeatable levels by time:
     D:1: 866 daAuts
     D:4: 448 daAuts
     D:5: 82 daAuts
     D:2: 63 daAuts
     D:3: 20 daAuts

Table legend:
 A = Kills in this place as a percentage of kills in entire the game.
 B = Kills by you in this place as a percentage of kills by you in the entire game.
 C = Kills by friends in this place as a percentage of kills by friends in the entire game.
 D = Other kills in this place as a percentage of other kills in the entire game.
 E = Experience gained in this place as a percentage of experience gained in the entire game.
 F = Experience gained in this place divided by the number of levels of this place that you have seen.
                   A       B       C       D       E      F
               +-------+-------+-------+-------+-------+----------------------
         Total | 100.0 | 100.0 |   N/A |   N/A | 100.0 |   6.4
       Dungeon | 100.0 | 100.0 |   N/A |   N/A | 100.0 |   6.4
               +-------+-------+-------+-------+-------+----------------------
